 Dungeon Crawl Stone Soup version 0.29-a0-330-g52719c12eb (webtiles) character file.

Game seed: 6099300592318998650

2236 tilp the Frost Mage (level 9, 42/42 HPs)
             Began as a Felid Ice Elementalist on Apr 14, 2022.
             Was a Priest of Vehumet.
             Quit the game on level 9 of the Dungeon.
             The game lasted 00:23:44 (14831 turns).

tilp the Frost Mage (Felid Ice Elementalist)       Turns: 14831, Time: 00:23:45

Health: 42/42      AC:  6    Str:  4    XL:     9   Next: 14%
Magic:  17/17      EV: 20    Int: 20    God:    Vehumet [***...]
Gold:   555        SH:  5    Dex: 18    Spells: 3/18 levels left
                                        Lives:  0   Deaths: 2

rFire   . . .      SeeInvis +     - Unarmed
rCold   . . .      Faith    .   (shield unavailable)
rNeg    . . .      Spirit   .   (body armour unavailable)
rPois   .          Reflect  +   (helmet unavailable)
rElec   .          Harm     .   (cloak unavailable)
rCorr   .          Rampage  .   (gloves unavailable)
Will    ++...                   (boots unavailable)
Stlth   ++++......              g - amulet of reflection
HPRegen 0.14/turn               y - ring of willpower
MPRegen 0.15/turn               k - +4 ring of protection

@: quick
A: very small, claws 1, fangs 3, see invisible, speed 1, shaggy fur 2, stealthy
paws, no weapons or thrown items, no armour, multi-lived
a: Renounce Religion


You were on level 9 of the Dungeon.
You worshipped Vehumet.
Vehumet was most pleased with you.
You visited 2 branches of the dungeon, and saw 11 of its levels.

You collected 555 gold pieces.

Inventory:

Jewellery
 f - a ring of flight
 g - an amulet of reflection (around neck)
 k - a +4 ring of protection (right paw)
 y - a ring of willpower (left paw)
Wands
 i - a wand of paralysis (6)
 o - a wand of digging (6)
 s - a wand of flame (22)
 t - a wand of iceblast (8)
Scrolls
 a - 4 scrolls of teleportation
 c - 2 scrolls of blinking
 d - 3 scrolls of torment
 j - 2 scrolls of amnesia
 u - a scroll of fear
 v - a scroll of immolation
Potions
 b - 6 potions of brilliance
 e - 2 potions of haste
 h - 4 potions of curing
 l - 2 potions of flight
 m - 2 potions of attraction
 n - a potion of lignification
 p - 3 potions of heal wounds
 q - 2 potions of mutation
 r - a potion of berserk rage {unknown}
 w - 2 potions of cancellation
 x - a potion of resistance {unknown}
 z - a potion of degeneration {unknown}


   Skills:
 + Level 6.7 Fighting
 + Level 5.6 Dodging
 + Level 7.4 Stealth
 * Level 4.7 Unarmed Combat
 - Level 5.0 Spellcasting
 - Level 8.0 Conjurations
 - Level 4.0 Translocations
 - Level 8.0 Ice Magic
 + Level 5.2 Evocations


You had 3 spell levels left.
You knew the following spells:

 Your Spells              Type           Power      Damage    Failure   Level
a - Freeze                Ice            100%       1d11      1%          1
b - Frozen Ramparts       Ice            74%        1d9       1%          3
c - Ozocubu's Armour      Ice            37%        N/A       1%          3
d - Hailstorm             Conj/Ice       37%        3d9       1%          4
e - Searing Ray           Conj           74%        2d7       1%          2
f - Blink                 Tloc           42%        N/A       3%          2

Your spell library contained the following spells:

 Spells                   Type           Power      Damage    Failure   Level
 Stone Arrow              Conj/Erth      42%        3d9       1%          3
 Magic Dart               Conj           100%       1d8       1%          1
 Apportation              Tloc           42%        N/A       2%          1
 Ensorcelled Hibernation  Hex/Ice        42%        N/A       3%          2
 Gell's Gravitas          Tloc           21%        N/A       7%          3
 Lesser Beckoning         Tloc           21%        N/A       7%          3
 Teleport Other           Tloc           21%        N/A       7%          3
 Confusing Touch          Hex            5%         N/A       34%         3
 Spider Form              Tmut/Pois      5%         N/A       34%         3
 Fulminant Prism          Conj/Hex       10%        3d9       6%          4
 Fireball                 Conj/Fire      10%        3d6       16%         5
 Manifold Assault         Tloc           21%        N/A       52%         5
 Yara's Violent Unravell  Hex/Tmut       2%         3d3       58%         5
 Starburst                Conj/Fire      10%        6d5       61%         6
 Anguish                  Hex/Necr       2%         N/A       75%         4
 Summon Forest            Summ/Tloc      6%         N/A       80%         5
 Alistair's Intoxication  Tmut/Pois      3%         N/A       97%         5
 Dispersal                Tloc           10%        N/A       98%         6
 Eringya's Noxious Bog    Tmut/Pois      2%         N/A       98%         6
 Enfeeble                 Hex            2%         N/A       100%        7
 Summon Hydra             Summ           2%         N/A       100%        7
 Ignition                 Fire           2%         3d3       100%        8


Dungeon Overview and Level Annotations

Branches:
Dungeon (10/15)            Temple (1/1) D:4            Lair (0/6) D:9
    Orc: D:9-12

Altars:
Ashenzari
Cheibriados
Dithmenos
Elyvilon
Fedhas
Gozag
Hepliaklqana
Kikubaaqudgha
Makhleb
Nemelex Xobeh
Okawaru
Qazlal
Ru
Sif Muna
Trog
Uskayaw
Vehumet
Wu Jian
Xom
Yredelemnul
Zin
The Shining One

Annotations:
D:4 exclusion: necrophage
D:5 Menkaure
D:6 exclusion: ice beast, Grinder


Innate Abilities, Weirdness & Mutations

You have sharp claws.
You have razor-sharp teeth.
You have supernaturally acute eyesight. (SInv)
You cover ground quickly. (Speed+)
You are covered in thick fur. (AC +2)
Your paws help you pounce on unaware monsters.
You are incapable of wielding weapons or throwing items.
You cannot wear armour.
You gain extra lives every three experience levels.


Message History

The troll misses you. You block the troll's attack.
The troll claws you but does no damage.
The centaur shoots an arrow.
The arrow barely misses you.
Casting: Searing Ray (safe; 1% risk of failure)
Confirm with . or Enter, or press ? or * to list all spells.
Casting: Frozen Ramparts (safe; 1% risk of failure)
Press: ? - help, Dir - look around, f - activate The walls around you are covered in ice.
The wall freezes the centaur.
The wall freezes the troll.
The wall freezes the centaur.
Unknown command.
Unknown command.
Casting: Frozen Ramparts (safe; 1% risk of failure)
Confirm with . or Enter, or press ? or * to list all spells.
Aiming: Searing Ray (safe; 1% risk of failure)
Press: ? - help, Shift-Dir - straight line The searing ray hits the troll.
The troll is severely wounded.
The searing ray hits the centaur.
You kill the centaur!
Vehumet accepts your kill.
You feel your power returning. (Press . to maintain the ray.)
The wall freezes the troll.
The troll misses you. The troll barely misses you. The troll claws you!
* * * LOW HITPOINT WARNING * * *
Unknown command.
Unknown command.
You scratch the troll but do no damage.
The troll is severely wounded.
The wall freezes the troll!
The troll bites you.
* * * LOW HITPOINT WARNING * * *
The troll claws you!
You die...
The troll claws you but does no damage.
You are now level 9!
You rejoin the land of the living...
Unknown command.
Unknown command.
Are you sure you want to abandon this character and quit the game? (Confirm with "yes".)

#.####.###.##..........#
#...........#######.####
#.###.####..#######.#####
#.###.#>................#
#.........#..##.###.###.#
############.#...#..##.# #.###.##
#......## #.#......##.# #.#.....
#.###...# #.......###.# #.#.#.##
#.# #.#.# #####@.####.###.#.#.#
..# #...# #>......##......#
######.#### #...######.##.#.#
##........# #...# #.##.#.#
##..##.#..# #...######.#..#.##
##..##.#..# #...##.......#....
##..#..#..######........#.#.#..##
##..#.##.).........)...........##
.#..#............................


There were no monsters in sight!

Vanquished Creatures
  A two-headed ogre (D:9)
  Maurice (D:8)
  An unseen horror (D:8)
  A komodo dragon (D:9)
  A kobold demonologist (D:10)
  Prince Ribbit (D:8)
  A troll (D:10)
  2 vampires (D:10)
  2 wyverns
  A yak (D:10)
  Eustachio (D:5)
  2 steam dragons
  2 water moccasins
  Duvessa (D:6)
  9 orc warriors
  An ice beast (D:7)
  A black bear (D:9)
  3 sky beasts
  3 ogres
  4 centaurs
  Blork the orc (D:5)
  8 kobold brigands
  6 bullfrogs
  7 scorpions
  A gnoll sergeant (D:9)
  Dowan (D:6)
  8 killer bees
  8 howler monkeys
  3 jellies
  4 hounds
  2 gnoll shamans
  An orc priest (D:6)
  2 iguanas
  11 orc wizards
  Robin (D:2)
  24 gnolls
  5 adders
  A white imp (D:5)
  An ufetubus (D:6)
  A dart slug (D:2)
  22 orcs
  9 ball pythons
  7 bats
  5 endoplasms
  3 giant cockroaches
  18 goblins
  9 hobgoblins
  32 kobolds
  4 quokkas
  7 frilled lizards
  7 rats
258 creatures vanquished.

Vanquished Creatures (others)
  Sigmund (D:5)
  A bush (D:5)
  19 fungi (D:9)
  13 plants (D:9)
34 creatures vanquished.

Grand Total: 292 creatures vanquished

Notes
Turn   | Place    | Note
-------+----------+-------------------------------------------
     0 | D:1      | tilp the Felid Ice Elementalist began the quest for the
                  | Orb.
     0 | D:1      | Reached XP level 1. HP: 7/7 MP: 4/4
   216 | D:1      | Found a faded altar of an unknown god.
   447 | D:1      | Reached XP level 2. HP: 12/12 MP: 6/6
   706 | D:1      | Reached skill level 1 in Fighting
  1242 | D:1      | Reached XP level 3. HP: 15/15 MP: 7/7
  1246 | D:1      | Learned a level 3 spell: Frozen Ramparts
  2288 | D:2      | Noticed Robin
  2309 | D:2      | Killed Robin
  2310 | D:2      | Reached XP level 4. HP: 19/19 MP: 0/8
  2331 | D:2      | Learned a level 3 spell: Ozocubu's Armour
  3816 | D:4      | Noticed a necrophage
  4111 | D:4      | Found a staircase to the Ecumenical Temple.
  4123 | Temple   | Entered the Ecumenical Temple
  4461 | Temple   | Became a worshipper of Vehumet
  4954 | D:5      | Entered Level 5 of the Dungeon
  5032 | D:5      | Noticed Sigmund
  5062 | D:5      | Noticed a scorpion
  5072 | D:5      | Noticed a scorpion
  5073 | D:5      | Reached skill level 5 in Ice Magic
  5073 | D:5      | Reached XP level 5. HP: 18/22 MP: 3/10
  5083 | D:5      | Noticed Eustachio
  5132 | D:5      | Killed Eustachio
  5133 | D:5      | Gained mutation: You are covered in thick fur. (AC +2)
                  | [Felid growth]
  5133 | D:5      | Reached XP level 6. HP: 20/27 MP: 1/11
  5158 | D:5      | Killed Sigmund
  5159 | D:5      | Reached skill level 1 in Unarmed Combat
  5159 | D:5      | Reached XP level 7. HP: 29/31 MP: 3/12
  5250 | D:5      | Noticed Blork the orc
  5257 | D:5      | Killed Blork the orc
  5537 | D:5      | Reached skill level 5 in Stealth
  5540 | D:5      | Learned a level 2 spell: Searing Ray
  5543 | D:5      | Learned a level 2 spell: Blink
  5758 | D:5      | Reached * piety under Vehumet
  5758 | D:5      | Offered knowledge of Shock by Vehumet.
  5819 | D:5      | Reached skill level 1 in Translocations
  5820 | D:5      | Reached skill level 1 in Conjurations
  5914 | D:5      | Noticed Menkaure
  6318 | D:5      | Reached XP level 8. HP: 36/36 MP: 5/13
  7178 | D:6      | Noticed Grinder
  7235 | D:6      | Noticed Duvessa
  7235 | D:6      | Noticed Dowan
  7240 | D:6      | Killed Duvessa
  7242 | D:6      | Killed Dowan
  7522 | D:6      | Reached skill level 5 in Fighting
  8293 | D:6      | Learned a level 4 spell: Hailstorm
  8522 | D:7      | Reached XP level 9. HP: 37/40 MP: 10/16
  8763 | D:7      | Reached ** piety under Vehumet
  8787 | D:7      | Offered knowledge of Static Discharge by Vehumet.
  8952 | D:7      | Found an opulent altar of Gozag.
  8979 | D:7      | Found a hazy altar of Hepliaklqana.
  9478 | D:7      | Reached skill level 5 in Conjurations
 10312 | D:8      | Reached skill level 1 in Evocations
 10401 | D:8      | Noticed Maurice
 10427 | D:8      | Killed Maurice
 10428 | D:8      | Reached skill level 5 in Spellcasting
 10729 | D:8      | Noticed Prince Ribbit
 10750 | D:8      | Killed Prince Ribbit
 10751 | D:8      | Reached XP level 10. HP: 6/45 MP: 1/18
 11207 | D:8      | Offered knowledge of Conjure Flame by Vehumet.
 12437 | D:9      | Noticed a two-headed ogre
 12456 | D:9      | Killed a two-headed ogre
 12748 | D:9      | Found a staircase to the Lair.
 12835 | D:9      | Reached *** piety under Vehumet
 13310 | D:10     | Entered Level 10 of the Dungeon
 13506 | D:10     | Noticed a gargoyle
 13630 | D:10     | Offered knowledge of Stone Arrow by Vehumet.
 13644 | D:10     | Reached skill level 5 in Dodging
 13903 | D:10     | Noticed a gargoyle
 13904 | D:10     | Noticed a cyclops
 14054 | D:10     | Reached XP level 11. HP: 49/49 MP: 7/19
 14056 | D:10     | Reached skill level 5 in Evocations
 14804 | D:9      | Shot with an arrow by a centaur
 14805 | D:9      | Reached XP level 10. HP: -2/46 MP: 18/18
 14830 | D:9      | HP: 2/46 [troll (1)]
 14830 | D:9      | Mangled by a troll
 14831 | D:9      | Reached XP level 9. HP: -7/42 MP: 2/17
 14831 | D:9      | Quit the game

Illustrated notes

Levels and vault maps discovered:
D:1:      onia_arrival_handbag, layout_loops_ring,
          shapermc_ecumenical_altar_notcrosses, supply_closet_lemuel
D:2:      layout_basic, uniq_robin
D:3:      layout_loops_corners
D:4:      layout_loops_ring, minmay_temple_entry_grid
D:5:      layout_loops_ring, minmay_hedge_maze, uniq_eustachio,
          uniq_blork_the_orc, uniq_sigmund, uniq_menkaure
D:6:      wad_crossroads, layout_basic, uniq_duvessa, uniq_grinder
D:7:      layout_basic, nicolae_overflow_squiral, dk_noncrumbling_3
D:8:      layout_basic, uniq_prince_ribbit1, uniq_maurice
D:9:      layout_loops_cross, grunt_lair_entry_orc_guard_hut
D:10:     cheibrodos_ideogram_h, layout_layer_cave,
          kennysheep_orc_monster_closet_entryway
Temple:   mainiacjoe_temple_cubbyholes

Skill      XL: |  1  2  3  4  5  6  7  8  9 10 11 |
---------------+----------------------------------+-----
Ice Magic      | 4 5 6 7 8 |  8.0
Fighting       | 1 2 3 4 5 6 |  6.7
Spellcasting   | 3 4 5 |  5.0
Dodging        | 3 4 5 |  5.6
Stealth        | 3 6 7 |  7.4
Unarmed Combat | 1 2 4 |  4.7
Translocations | 1 4 |  4.0
Conjurations   | 1 3 6 8 |  8.0
Evocations     | 3 4 5 |  5.2

Action                   |  1- 3 |  4- 6 |  7- 9 | 10-12 || total
-------------------------+-------+-------+-------+-------++-------
Melee: Unarmed           |    23 |    42 |    68 |    35 ||   168
       Bite              |     1 |     4 |    14 |     4 ||    23
       Punch             |       |     1 |     2 |     2 ||     5
 Cast: Freeze            |    46 |    23 |    40 |     3 ||   112
       Frozen Ramparts   |     3 |     9 |    38 |    27 ||    77
       Ozocubu's Armour  |       |     4 |    28 |    23 ||    55
       Searing Ray       |       |       |    30 |    19 ||    49
       Blink             |       |       |     1 |     1 ||     2
       Hailstorm         |       |       |       |    37 ||    37
Evoke: Wand              |       |       |     1 |       ||     1
  Use: Scroll            |     5 |    12 |     5 |     2 ||    24
       Potion            |       |     5 |     1 |       ||     6
 Stab: Sleeping          |    13 |     7 |    10 |     1 ||    31
       Distracted        |       |     1 |       |       ||     1
       Invisible         |       |     1 |       |       ||     1
       Paralysed         |       |       |     1 |       ||     1
Armor: Skin              |     3 |     9 |    25 |    12 ||    49
Dodge: Dodged            |    30 |    59 |    86 |    87 ||   262
Block: Other             |     2 |    15 |    24 |    30 ||    71
       Reflection        |       |     3 |     4 |     5 ||    12

Table legend: (Time is in decaauts)
 A = Elapsed time spent in this place.
 B = Non-inter-level travel time spent in this place.
 C = Inter-level travel time spent in this place.
 D = Time resting spent in this place.
 E = Time spent auto-exploring this place.
 F = Levels seen in this place.
 G = Mean time per level.
                   A        B        C        D        E       F      G
               +--------+--------+--------+--------+--------+-----+--------+
         Total |  13360 |  12926 |    434 |   2267 |   8930 |  11 | 1214.5 |
       Dungeon |  13058 |  12675 |    383 |   2267 |   8684 |  10 | 1305.8 |
        Temple |    301 |    251 |     50 |      0 |    245 |   1 |  301.0 |
               +--------+--------+--------+--------+--------+-----+--------+

Top non-repeatable levels by time:
     D:9: 2291 daAuts
     D:6: 1757 daAuts
     D:8: 1716 daAuts
     D:7: 1494 daAuts
     D:1: 1330 daAuts
     D:5: 1266 daAuts
     D:2: 1169 daAuts
     D:3: 867 daAuts
     D:4: 661 daAuts
    D:10: 502 daAuts
  Temple: 301 daAuts
